Cogmind - Beta 15 @@@ ROGUE MODE // 2025.07.27 @ 20:17:36 Player: Nat Result: Destroyed by G-34 Mercenary with Small Laser Performance ------------- Evolutions (1) 500 Regions Visited (3) 600 Robots Destroyed (20) 100 Value Destroyed (419) 419 Prototype IDs (0) 0 Alien Tech Used (0) 0 Bonus (21) 21 TOTAL SCORE: 1640 Bonus ------- Follower Combat Kills 21 Cogmind --------- Core Integrity 0/400 Matter 263/300 Energy 199/200 System Corruption 6% Temperature Cool (6) Movement Core (450) Ox8 Location -9/Materials Parts ------- > --- POWER (1) -------- (None) > --- PROPULSION (4) --- (None) > --- UTILITY (2) ------ Large Storage Unit Small Battery > --- WEAPON (2) ------- Beam Rifle Light Assault Rifle > --- INVENTORY (15) --- Light Ion Engine Flight Unit Flight Unit Flight Unit Small Storage Unit Mining Laser Peak State ------------ > --- POWER ------------ Ion Engine > --- PROPULSION ------- Aluminum Leg Aluminum Leg Flight Unit Flight Unit > --- UTILITY ---------- Small Storage Unit Large Storage Unit > --- WEAPON ----------- Assault Rifle Rocket Launcher > --- INVENTORY -------- EM Pulse Gun [Rating: 10] Favorites ----------- Power Ion Engine Engine Ion Engine Propulsion Aluminum Leg Treads Light Treads Leg Aluminum Leg Flight Unit Flight Unit Utility Small Storage Unit Storage Small Storage Unit Weapon Assault Rifle Energy Gun EM Pulse Gun Ballistic Gun Assault Rifle Launcher Rocket Launcher Build | -11 -10 -10 -9 ------- Run | Yrd Mat Min Mat Slots Evolved 2 | . . . 2 Power . | . . . . Propulsion 2 | . . . 2 Utility . | . . . . Weapon . | . . . . Parts Attached 18 | 8 1 . 9 Power 1 | 1 . . . Engine 1 | 1 . . . Core . | . . . . Reactor . | . . . . Propulsion 9 | 4 . . 5 Treads 2 | 2 . . . Leg 5 | 2 . . 3 Wheel . | . . . . Hover . | . . . . Flight 2 | . . . 2 Utility 3 | 1 1 . 1 Device . | . . . . Storage 3 | 1 1 . 1 Processor . | . . . . Hackware . | . . . . Protection . | . . . . Artifact . | . . . . Weapon 5 | 2 . . 3 Energy Gun 2 | 1 . . 1 Energy Cannon . | . . . . Ballistic Gun 2 | 1 . . 1 Ballistic Cannon . | . . . . Launcher 1 | . . . 1 Special Weapon . | . . . . Impact Weapon . | . . . . Slashing Weapon . | . . . . Piercing Weapon . | . . . . Special Melee Weapon . | . . . . Unidentified Prototypes . | . . . . Parts Lost 8 | . . . 8 Power 1 | . . . 1 Propulsion 3 | . . . 3 Utility 1 | . . . 1 Weapon 3 | . . . 3 Highest Loss Streak 3 | . . . 3 To Critical Strikes . | . . . . Average Backups 1 | . . . 2 Power . | . . . . Propulsion . | . . . 1 Utility . | . . . . Weapon . | . . . . Tool/Special . | . . . . Unused Backups 3 | . . . 3 Power 1 | . . . 1 Propulsion 1 | . . . 1 Utility 1 | . . . 1 Weapon . | . . . . Tool/Special . | . . . . Average Slot Usage (%) 78 | . 90 100 68 Engine 7 | . 14 14 4 Leg 22 | . 28 28 19 Flight 5 | . . . 8 Storage 20 | . 19 28 16 Energy Gun 9 | . 14 14 6 Ballistic Gun 10 | . 14 14 8 Launcher 2 | . . . 3 Peak Build Rating 10 | 6 7 7 10 Average Rating 6 | 5 6 7 6 On Entrance 5 | . 6 7 7 Naked Turns . | . . . . Heaviest Build 36 | 14 34 34 36 Greatest Support 40 | 40 20 20 40 Greatest Overweight (x) 8 | . 1 1 8 Average Overweight (x) . | . . 1 1 Largest Inventory Capacity 15 | 8 15 15 15 Average Capacity 12 | 7 10 15 15 Most Carried 8 | 2 1 . 8 Average Carried 1 | . . . 2 Final Capacity 15 | 8 15 15 15 Final Carried 6 | . . . 6 Class Distribution -------------------- 100% | Mutant Dominant Class ---------------- Mutant | -10/Materials Mutant | -10/Mines Mutant | -9/Materials Resources | -11 -10 -10 -9 ----------- Run | Yrd Mat Min Mat Matter Collected 533 | 247 . 53 233 Remotely . | . . . . Salvage Created 455 | . . 56 399 Parts 29 | . . 4 25 Haulers Intercepted . | . . . . Recyclers Shooed . | . . . . Parts Field Recycled . | . . . . Retrieved Matter . | . . . . Parts Self-Destructed . | . . . . Prevented . | . . . . Kills | -11 -10 -10 -9 ------- Run | Yrd Mat Min Mat Combat Hostiles Destroyed 14 | . . 3 11 Guns 9 | . . 3 6 AOE 5 | . . . 5 Classes Destroyed 7 | . . 1 6 Worker 4 | . . . 4 Builder 1 | . . . 1 Recycler 1 | . . . 1 Swarmer 5 | . . 3 2 Grunt 6 | . . . 6 Duelist 1 | . . . 1 Sentry 2 | . . . 2 Best Kill Streak 10 | . . 3 10 Combat Bots Only 5 | . . 3 5 Max Kills in Single Turn 3 | . . 1 3 Gunslinging . | . . . . Exploded 2 | . . . 2 Melee . | . . . . Uniques/NPCs Destroyed . | . . . . Combat | -11 -10 -10 -9 -------- Run | Yrd Mat Min Mat Hostile Shots Fired 109 | . . 13 96 Missed 28 | . . 6 22 Hits 81 | . . 7 74 Melee 1 | . . . 1 Projectile 80 | . . 7 73 Critical Strikes 2 | . . . 2 Damage Taken 1305 | . . 57 1248 Core 425 | . . 16 409 Absorbed by Shields . | . . . . Core Remaining (%) 96 | 100 . 93 . Volleys Fired 47 | . . 5 42 Largest 2 | . . 2 2 Hottest 76 | . . 60 76 Shots Fired 61 | . . 10 51 Gun 52 | . . 10 42 Cannon . | . . . . Launcher 9 | . . . 9 Special . | . . . . Kinetic 32 | . . 5 27 Thermal 8 | . . . 8 Explosive 9 | . . . 9 Electromagnetic 12 | . . 5 7 Robot Hit Streak 7 | . . 2 7 Robot Miss Streak 3 | . . 2 3 Penetration Max . | . . . . Secondary Targets . | . . . . Shots Hit Robots 37 | . . 5 32 Core Hits 28 | . . 3 25 Critical Kills . | . . . . Critical Parts Destroyed . | . . . . Critical Strikes 3 | . . . 3 Burn 2 | . . . 2 Corrupt 1 | . . . 1 Melee Attacks . | . . . . Impact . | . . . . Slashing . | . . . . Piercing . | . . . . Sneak Attacks . | . . . . Combat Hostiles . | . . . . Follow-up Attacks . | . . . . Damage Inflicted 1510 | 7 . 63 1440 Guns 407 | . . 63 344 Cannons . | . . . . Explosions 1096 | . . . 1096 Melee . | . . . . Ramming 7 | 7 . . . Kinetic 264 | . . 39 225 Thermal 73 | . . . 73 Explosive 1096 | . . . 1096 Electromagnetic 70 | . . 24 46 Impact . | . . . . Slashing . | . . . . Piercing . | . . . . Highest Corruption 6 | . . . 6 Average Corruption 6 | . . . 6 Corruption Purged . | . . . . Corruption Blocked . | . . . . Effects 16 | . . . 16 Message Errors 5 | . . . 5 Matter Fused 2 | . . . 2 Heat Flow Errors 2 | . . . 2 Energy Discharges 3 | . . . 3 Parts Rejected 1 | . . . 1 Data Loss (minor) 2 | . . . 2 Misfires 1 | . . . 1 Overload Shots . | . . . . Overflow Damage 15 | . . . 15 Projectiles . | . . . . Explosions 15 | . . . 15 Melee . | . . . . Knockbacks 1 | 1 . . . Impact 1 | 1 . . . Kinetic . | . . . . Secondary . | . . . . Self-Inflicted Damage 40 | . . . 40 Shots 1 | . . . 1 Rammed . | . . . . Targets Rammed 1 | 1 . . . Kicked 1 | 1 . . . Crushed . | . . . . Highest Temperature 139 | . . . 139 Average Temperature 38 | . . . 38 Received Heat Transfer 246 | . . . 246 Siege Activations . | . . . . Martial Activations . | . . . . Shielding Activations . | . . . . Robots Disrupted . | . . . . Combat Hostiles . | . . . . Robots Corrupted . | . . . . Combat Hostiles . | . . . . Parts Fried 1 | . . . 1 Impact Corruptions . | . . . . Robots Melted . | . . . . Combat Hostiles . | . . . . Parts Melted 5 | . . . 5 Heat Transferred 333 | . . . 333 Parts Sabotaged . | . . . . Parts Stolen . | . . . . Parts Stripped . | . . . . Power Chain Reactions . | . . . . Alert | -11 -10 -10 -9 ------- Run | Yrd Mat Min Mat Maximum Alert Level . | . . . . Low Security (%) 100 | 100 100 100 100 Level 1 . | . . . . Level 2 . | . . . . Level 3 . | . . . . Level 4 . | . . . . Level 5 . | . . . . High Security . | . . . . Max Security . | . . . . Peak Influence 188 | . 7 70 188 Initial 13 | . . . 13 Average 34 | . 1 23 72 Influence Increases 546 | . 7 146 393 Destroy 0b10 Robot/C 340 | . . 120 220 Destroy 0b10 Robot/NC 35 | . . . 35 Destroy Leader 80 | . . 20 60 Allied During Kill 4 | . . 4 . Successful Hack 9 | . 7 2 . Destroy Structure 48 | . . . 48 Lose Combat Pursuer 30 | . . . 30 Influence Decreases 498 | . 7 112 379 Entered New Map 21 | . . . 21 Time Decay 397 | . 7 112 278 Lost Part 80 | . . . 80 Squads Dispatched 4 | . . . 4 Investigation 2 | . . . 2 Extermination . | . . . . Reinforcement 2 | . . . 2 Assault . | . . . . Garrison . | . . . . Intercept . | . . . . Searches Triggered . | . . . . Construction Impeded 1 | . . . 1 Haulers Reinforced . | . . . . Active Scanning Responses . | . . . . Cargo Convoy Interrupts . | . . . . Stealth | -11 -10 -10 -9 --------- Run | Yrd Mat Min Mat Distress Signals 3 | . 1 . 2 Communications Jammed . | . . . . Distress Signals . | . . . . Times Spotted 25 | . . 5 20 Peak Tracking Total 6 | . . 3 6 Tactical Retreats 1 | . . . 1 Traps | -11 -10 -10 -9 ------- Run | Yrd Mat Min Mat Traps Triggered 4 | . . . 4 Indirectly . | . . . . Trap Hack Attempts . | . . . . Triggered . | . . . . Disarmed . | . . . . Reprogrammed . | . . . . Reused . | . . . . Traps Extracted . | . . . . Installed . | . . . . Triggered . | . . . . Machines | -11 -10 -10 -9 ---------- Run | Yrd Mat Min Mat Machines Disabled . | . . . . Max in Single Turn . | . . . . Machines Repaired . | . . . . Machines Dismantled . | . . . . Machines Sabotaged . | . . . . Overloaded Fab Kills . | . . . . Hacking | -11 -10 -10 -9 --------- Run | Yrd Mat Min Mat Machines Accessed 4 | . 1 1 2 Terminals 3 | . 1 1 1 Fabricators . | . . . . Repair Stations . | . . . . Recycling Units . | . . . . Scanalyzers 1 | . . . 1 Garrison Access . | . . . . Total Hacks 9 | . 2 3 4 Successful 6 | . 2 2 2 Failed 3 | . . 1 2 Catastrophic . | . . . . Database Lockouts . | . . . . Manual . | . . . . Terminals 6 | . 2 3 1 Fabricators . | . . . . Repair Stations . | . . . . Recycling Units . | . . . . Scanalyzers 3 | . . . 3 Garrison Access . | . . . . Terminal Hacks 4 | . 2 2 . Record 3 | . 1 2 . Branch Access Points 1 | . 1 . . Fabricator Hacks . | . . . . Repair Station Hacks . | . . . . Recycling Unit Hacks . | . . . . Scanalyzer 2 | . . . 2 Insert Component 1 | . . . 1 Analyze 1 | . . . 1 Garrison Access Hacks . | . . . . Unauthorized Hacks . | . . . . Terminals . | . . . . Fabricators . | . . . . Repair Stations . | . . . . Recycling Units . | . . . . Scanalyzers . | . . . . Garrison Access . | . . . . Data Cores Recovered 1 | . . . 1 Used . | . . . . Hacking Detections 4 | . 1 1 2 Full Trace Events . | . . . . Feedback Events . | . . . . Feedback Blocked . | . . . . Robot Schematics Acquired . | . . . . Robots Built . | . . . . Authchips . | . . . . Time . | . . . . Total Robot Build Rating . | . . . . Part Schematics Acquired 1 | . . . 1 Parts Built . | . . . . Authchips . | . . . . Time . | . . . . Total Part Build Rating . | . . . . Parts Repaired . | . . . . Time . | . . . . Parts Recycled . | . . . . Recycled Matter . | . . . . Retrieved Matter . | . . . . Retrieved Components . | . . . . Parts Scanalyzed 1 | . . . 1 Part Schematics Acquired 1 | . . . 1 Parts Damaged . | . . . . Bothacking | -11 -10 -10 -9 ------------ Run | Yrd Mat Min Mat Used RIF Installer . | . . . . Robots Hacked . | . . . . Non-combat . | . . . . Combat . | . . . . Robot Hacks Applied . | . . . . Relay Couplers Released . | . . . . Fabnet Peak Effective % . | . . . . Robots Rewired . | . . . . Allies Hacked . | . . . . Hacks Repelled . | . . . . Allies | -11 -10 -10 -9 -------- Run | Yrd Mat Min Mat Total Allies 1 | . . 1 . Largest Group 1 | . . 1 1 Highest-Rated Group 31 | . . 31 31 Highest-Rated Ally 31 | . . 31 31 Total Orders . | . . . . Ally Attacks 8 | . . 6 2 Total Damage 104 | . . 62 42 Kills 4 | . . 3 1 Allies Corrupted . | . . . . Allies Melted . | . . . . Intel | -11 -10 -10 -9 ------- Run | Yrd Mat Min Mat Active Infowar (turns) . | . . . . Robot Analysis Total . | . . . . Derelict Logs Recovered 1 | . . 1 . Drone Launches . | . . . . Drone Recoveries . | . . . . Exploration | -11 -10 -10 -9 ------------- Run | Yrd Mat Min Mat Turns Passed 2168 | 830 70 373 895 Spaces Moved 872 | 250 50 179 393 Core 44 | 10 . . 34 Treads 2 | 2 . . . Legs 826 | 238 50 179 359 Wheels . | . . . . Hover . | . . . . Flight . | . . . . Fastest Speed 50 | 50 120 190 120 Average Speed 168 | 117 139 190 194 Slowest Speed 450 | 160 190 190 450 Overloaded Moves . | . . . . Propulsion Burnouts . | . . . . Robots Hopped . | . . . . Potential Cave-ins . | . . . . Cave-ins Triggered 1 | . . . 1 Exploration Rate (%) 25 | 24 11 31 35 Regions Visited 3 Branch Regions 1 Pre-discovered Areas . | . . . . Known Exits Taken 1 | . 1 . . Unknown Exits Taken 2 | 1 . 1 . Scrap Searched . | . . . . Spaces Dug . | . . . . Terrain Destroyed 55 | . . . 55 Melee . | . . . . Projectile . | . . . . AOE 55 | . . . 55 Terrain Rammed . | . . . . Walls Destroyed . | . . . . Machines Disabled . | . . . . Actions | -11 -10 -10 -9 --------- Run | Yrd Mat Min Mat Total 1517 | 787 51 202 477 Wait 552 | 519 . 19 14 Move 869 | 249 49 178 393 Hop . | . . . . Pick Up 24 | 8 1 . 15 Fast Attach . | . . . . Attach 18 | 8 1 . 9 Detach . | . . . . Swap 4 | . . . 4 Drop 2 | 2 . . . Fire 47 | . . 5 42 Melee . | . . . . Ram . | . . . . Kick 1 | 1 . . . Crush . | . . . . Escape Stasis . | . . . . Rewire . | . . . . Trap . | . . . . Miscellaneous . | . . . . Route ------- -11/Scrapyard -10/Materials (discovered 2 exits: *Min x2) -10/Mines -9/Materials History --------- Turn | Location | Event 6 | -11/Scrapyard | Discovered new exit (range 15) 831 | -11/Scrapyard | Entered Materials 832 | -10/Materials | Build established: Mutant 840 | -10/Materials | Identified exit to Mines 901 | -10/Materials | Entered Mines 1014 | -10/Mines | Learned Materials emergency access door positions 1057 | -10/Mines | Discovered new exit (range 4) 1079 | -10/Mines | Received a Mining Laser from a helpful Derelict 1274 | -10/Mines | Entered Materials 1274 | -9/Materials | Accompanied by 1 ally 1274 | -9/Materials | Evolved 2 slots: Propulsion x2 1619 | -9/Materials | Crushed by falling debris 1808 | -9/Materials | Core integrity fell below 50% 1853 | -9/Materials | Lost 3 parts (2n1w) 2010 | -9/Materials | Core integrity fell below 20% 2169 | -9/Materials | Destroyed by G-34 Mercenary with Small Laser Last Messages --------------- Heat Sink melted. Hvy. Assault Rifle melted. Beam Rifle melted. Y-45 Defender destroyed. 5JD |UOEAVWQO7AEJOCZZ Acquired Sml. Battery. System corrupted: FCS attempts to trigger Beam Rifle. System corrupted: Beam Rifle misfires. Connecting with Terminal... System corrupted: Heat flow error (+167). System corrupted: Component data lost. Acquired 51 matter. Acquired Mining Laser. System corrupted: Matter fused (-7). Triggered Alarm Trap. An alarm sounds. ALERT: Alarm triggered, dispatching investigation squad. System corrupted: Energy discharge (-76). Map ----- +----------------------------------------------------+ | | | | | | | | | | | | | | | | | | | | | | | | | | | | | | | ????????????????#############????????????????????? | | ?????????######## #????????????????????? | | ?????????# "" # """ #????????????????????? | | ???####### ""S # !!! T" #????????????????????? | | ???# + "" # !! """ ##???????????????????? | | ???# # # !!! #???????????????????? | | ???### # !+ ##???????????????????? | | ?????# # !!# #????????????????????? | | ?????# ##+###########+#####????????????????????? | | ?????# #?????????????????????? | | ?????# @ #?????????????????????? | | ?????# = ### ########g#?????????????????????? | | ?????# #?????????? ????????????????????? | | ?????# " #?????????? """???????????????????? | | ?????# """ #????????? """"??????????????????? | | ?????# "" #????????? """" +????????????????? | | ?????# """ #????????+ #????????????????? | | ?????# "" #????????# """???????????????????? | | ?????# """ !#????????# ""????????????????????? | | ##### """ #????????# "?????????????????????? | | """ +????????# ?????????????????????? | | " #????????#####?????????????????????? | | #??????????????????????????????????? | | #??????????????????????????????????? | | ####### ### #??????????????????????????????????? | | # #??+#??????????????????????????????????? | | "" + +??????????????????????????????????????? | | """ # #??????????????????????????????????????? | | """ # #??????????????????????????????????????? | | """ # #??????????????????????????????????????? | | "" # #??????????????????????????????????????? | | # #??????????????????????????????????????? | | ####### #??????????????????????????????????????? | | ??????# ##?????????????????????????????????????? | | ###### ##????????????????????????????????????? | +----------------------------------------------------+ Best States ------------- Heat Dissipation 28 Energy Generation 10 Energy Capacity 250 Matter Stores 300 Matter Capacity 300 Sight Range 16 Terrain Scan Density 10 Evasion (%) 55 Recoil Reduction 1 Item Schematics ----------------- Beam Rifle | -9/Materials | Scanalyzed Robot Schematics ------------------ None Fabricated ------------ Nothing Repaired ---------- Nothing Alien Tech Used ----------------- None Achievements -------------- Unlikely Earthworm Challenges ------------ None Game ------ Seed SubdwellerMakeshiftDetonator Manual? 0 Play Time 00:18:00 Cumulative 2.3 hours Start 2025.07.27 @ 19:55:41 End 2025.07.27 @ 20:17:36 Sessions 1 Manual Loads 0 Difficulty Rogue Special Mode None Game No. 6 Rogue 6 Adventurer 0 Explorer 0 Win Type - Total 0 Types 0/0/0/0/0/0/0/0/0/0 Lore% 1 Gallery% 4 Achievement% 5 Wizard Run 0 Options --------- Layout 1 ASCII 0 Keyboard 0 Movement Numpad Keybinds 0 Fullscreen 1 Font 24/Smallcaps Map View 50x40 Zoom Use 0% Tactical HUD 0 Map Filters NONE Filters NONE Steam 1 RUN: 77195ee2-c063-4303-b49f-e471403eb968